 Dungeon Crawl Stone Soup version 0.22-a0-422-g9628fc8 (webtiles) character file.

8999 Gorice the Arsonist (level 11, -2/54 HPs)
             Began as a Deep Elf Fire Elementalist on May 15, 2018.
             Was a Believer of Vehumet.
             Slain by an orc warrior
             ... wielding a +0 glaive
              (7 damage)
             ... on level 1 of the Orcish Mines on May 16, 2018.
             The game lasted 00:51:41 (10687 turns).

Gorice the Arsonist (Deep Elf Fire Elementalist)   Turns: 10687, Time: 00:51:42

Health: -2/54      AC: 14    Str:  5    XL:     11   Next: 17%
Magic:  27/27      EV: 11    Int: 24    God:    Vehumet [**....]
Gold:   370        SH:  0    Dex: 15    Spells: 16/31 levels left

rFire    . . .     SeeInvis .   a - +2 dagger (venom)
rCold    . . .     Gourm    .   (no shield)
rNeg     . . .     Faith    .   r - +3 ring mail
rPois    .         Spirit   .   C - +0 helmet
rElec    .         Reflect  .   T - +0 cloak
rCorr    .         Harm     .   F - +0 pair of gloves
MR       +....                  U - +2 pair of boots
Stlth    +.........             (no amulet)
HPRegen  0.18/turn              H - +2 ring of evasion
MPRegen  0.20/turn              (no ring)

@: no status effects
A: no striking features
a: Renounce Religion


You were on level 1 of the Orcish Mines.
You worshipped Vehumet.
Vehumet was pleased with you.
You were not hungry.

You visited 3 branches of the dungeon, and saw 12 of its levels.
You also visited: Sewer.

You collected 370 gold pieces.

Inventory:

Hand Weapons
 a - a +2 dagger of venom (weapon)
   (You took it off a kobold on level 1 of the Dungeon)
 b - a +3 scimitar of flaming
   (You took it off Erica on level 9 of the Dungeon)
 u - a +1 short sword of holy wrath
   (You took it off a kobold in a sewer)
Missiles
 i - 6 javelins (quivered)
 y - 6 silver javelins
 Y - 306 stones
 Z - 2 javelins of penetration
Armour
 k - a +0 robe
 r - a +3 ring mail (worn)
 t - a scarf of cloud immunity
   (You found it on level 5 of the Dungeon)
 C - a +0 helmet (worn)
 F - a +0 pair of gloves (worn)
 T - a +0 cloak (worn)
 U - a +2 pair of boots (worn)
Magical Staves
 e - an uncursed staff of death
 J - an uncursed staff of energy
Jewellery
 o - an uncursed amulet of guardian spirit
 H - a +2 ring of evasion (left hand)
 O - an uncursed amulet of faith {!P}
Wands
 m - a wand of iceblast (12)
 q - a wand of enslavement (30)
 s - a wand of paralysis (27)
 E - a wand of acid (11)
 I - a wand of scattershot (4)
 L - a wand of random effects (78)
Scrolls
 g - a scroll of immolation {unknown}
 h - 8 scrolls of teleportation {!r}
 l - a scroll of enchant weapon {unknown}
 n - 4 scrolls of remove curse
 w - 4 scrolls of fear {!r}
 P - a scroll of blinking
Potions
 d - 4 potions of berserk rage
 f - 3 potions of resistance {!q}
 j - 2 potions of invisibility {!q}
 p - 8 potions of curing
 v - a potion of brilliance {unknown}
 x - a potion of magic {unknown}
 z - 3 potions of might {!q}
 A - 4 potions of agility {!q}
 B - 2 potions of flight
 D - 2 potions of haste {unknown}
 G - 2 potions of lignification {unknown}
 K - a potion of ambrosia {unknown}
 R - 2 potions of heal wounds {unknown}
Miscellaneous
 N - a box of beasts
Comestibles
 c - 20 rations
 M - 5 chunks of flesh


   Skills:
 - Level 2.4 Dodging
 - Level 2.4 Stealth
 + Level 10.6 Spellcasting
 * Level 12.0 Conjurations
 * Level 12.1 Fire Magic


You had 16 spell levels left.
You knew the following spells:

 Your Spells              Type           Power        Failure   Level  Hunger
a - Flame Tongue          Conj/Fire      #####        1%          1    None
b - Throw Flame           Conj/Fire      ######       1%          2    None
c - Conjure Flame         Conj/Fire      ######..     1%          3    None
d - Sticky Flame          Conj/Fire      ######..     1%          4    None
e - Fireball              Conj/Fire      ######....   4%          5    ####...

Your spell library contained the following spells:

 Spells                   Type           Power        Failure   Level  Hunger
 Bolt of Magma            Conj/Fire/Erth ######....   24%         5    ####...
 Venom Bolt               Conj/Pois      #####.....   50%         5    ####...
 Iron Shot                Conj/Erth      #####.....   97%         6    #####..
 Stone Arrow              Conj/Erth      #####.       6%          3    None
 Spider Form              Tmut/Pois      ##........   58%         3    None
 Blade Hands              Tmut           ##........   100%        5    ####...
 Ice Form                 Ice/Tmut       ##......     94%         4    None
 Passwall                 Tmut/Erth      ##........   36%         2    None
 Sticks to Snakes         Tmut           ##......     36%         2    None
 Lee's Rapid Deconstruct  Erth           ##........   100%        5    ####...
 Sandblast                Erth           ##....       24%         1    None
 Petrify                  Tmut/Erth      ##......     94%         4    None
 Orb of Destruction       Conj           ######....   82%         7    #######
 Inner Flame              Hex/Fire       #####...     6%          3    None
 Beastly Appendage        Tmut           ##....       24%         1    None
 Iskenderun's Battlesphe  Conj/Chrm      #####...     50%         5    ####...
 Spellforged Servitor     Conj/Summ      #####.....   100%        7    #######


Dungeon Overview and Level Annotations

Branches:
Dungeon (10/15)            Temple (1/1) D:4            Lair (0/6) D:10
    Orc (1/2) D:9

Altars:
Ashenzari
Cheibriados
Dithmenos
Elyvilon
Fedhas
Gozag
Hepliaklqana
Kikubaaqudgha
Makhleb
Nemelex Xobeh
Okawaru
Qazlal
Ru
Sif Muna
Trog
Uskayaw
Vehumet
Wu Jian
Xom
Yredelemnul
Zin
The Shining One

Shops:
D:4 [   D:5 [


Message History

Casting: Sticky Flame (safe; 1% risk of failure)
Confirm with . or Enter, or press ? or * to list all spells.
Aiming: Sticky Flame (safe; 1% risk of failure)
Press: ? - help, Shift-Dir - straight line, f/p - orc warrior
Aim: an orc warrior, wielding a dire flail and wearing a chain mail (severely wounded)
The sticky flame hits the orc warrior.
The orc warrior is almost dead.
The orc warrior is covered in liquid flames!
The orc warrior burns!
The orc warrior completely misses you.
The orc warrior burns!
You kill the orc warrior!
Vehumet accepts your kill.
You feel your power returning.
Casting: Sticky Flame (safe; 1% risk of failure)
Confirm with . or Enter, or press ? or * to list all spells.
Aiming: Flame Tongue (safe; 1% risk of failure)
Press: ? - help, Shift-Dir - straight line, f - orc
Aim: an orc, wielding an enchanted dagger The flame tongue hits the orc.
You kill the orc!
Vehumet accepts your kill.
You feel your power returning.
Things that are here:
an enchanted dagger; an orc corpse You butcher the orc corpse.
M - 4 chunks of flesh You see here an enchanted dagger.
Things that are here:
a dire flail; a chain mail; an orc corpse You butcher the orc corpse.
M - 5 chunks of flesh (gained 1)
Things that are here:
a dire flail; a chain mail; an orc skeleton
There is a staircase to the Orcish Mines here.
Okay, then.
You start resting.
Magic restored.
You start resting.
HP restored.
You climb downwards.
Welcome back to the Orcish Mines!
An orc comes into view.
The orc warrior hits you with a glaive!
The orc warrior throws a tomahawk.
The tomahawk completely misses you.
The orc wizard casts a spell.
The orc wizard seems to speed up.
The cyclops throws a large rock.
The large rock hits you!!
Ouch! That really hurt!
* * * LOW HITPOINT WARNING * * *
The orc warrior hits you with a glaive!
You die...

.#..#.#..###...
.o.......o.....
..)...$....$...
......#.....#.#
..$............
.....)........#
..[....o....##
.).....@.....#
....>...(.....$
.........o#....
...#..........C
..........#(# .
##.....#.##.#
##..## .. . ...
.# #


You could see a cyclops, 2 orc warriors, an orc wizard and an orc.

Vanquished Creatures
  Josephine (D:10)
  Erica (D:9)
  A two-headed ogre (D:8)
  Urug (D:10)
  Pikel (D:7)
  An ugly thing (D:10)
  A gargoyle (D:10)
  A centaur skeleton (D:10)
  A troll (D:9)
  Prince Ribbit (D:6)
  A hippogriff (D:7)
  Grinder (D:4)
  3 wraiths (D:10)
  Sigmund (D:3)
  A hungry ghost (D:9)
  3 ice beasts
  2 orc warriors
  5 necrophages (D:6)
  2 sky beasts (D:5)
  3 centaurs
  3 bullfrogs
  A gnoll sergeant (D:6)
  4 scorpions
  A water moccasin zombie (D:6)
  A water moccasin skeleton (D:6)
  A killer bee (D:9)
  6 wights
  2 howler monkeys
  2 crimson imps (D:6)
  A centaur zombie (D:6)
  A bullfrog zombie (D:10)
  2 jellies
  A bullfrog skeleton (D:4)
  3 orc priests
  5 hounds
  2 iguanas
  6 orc wizards
  6 worker ants
  Terence (D:3)
  A hound zombie (D:4)
  A hound skeleton (D:5)
  A howler monkey skeleton (D:4)
  6 gnolls
  21 adders
  A river rat (D:3)
  A shadow imp (D:9)
  An ooze (D:2)
  3 adder skeletons
  2 worms
  A dart slug (D:1)
  5 leopard geckos
  34 orcs
  5 ball pythons
  12 bats
  7 giant cockroaches
  3 goblins
  9 hobgoblins
  20 jackals
  A quokka (D:5)
  6 frilled lizards
  A jackal skeleton (D:4)
  12 kobolds
  A quokka skeleton (D:5)
  A quokka zombie (D:6)
  8 rats
  A bush (D:6)
  3 plants (Sewer)
249 creatures vanquished.

Vanquished Creatures (others)
  An orc wizard (D:6)
  A quokka zombie (D:7)
  A bush (D:6)
  A fungus (D:6)
  5 plants (D:6)
9 creatures vanquished.

Grand Total: 258 creatures vanquished

Notes
Turn   | Place    | Note
-------+----------+-------------------------------------------
     0 | D:1      | Gorice the Deep Elf Fire Elementalist began the quest for the Orb.
     0 | D:1      | Reached XP level 1. HP: 10/10 MP: 6/6
    97 | D:1      | Reached skill level 2 in Conjurations
    97 | D:1      | Reached XP level 2. HP: 15/15 MP: 1/8
   478 | D:1      | Reached XP level 3. HP: 13/19 MP: 8/10
   742 | D:2      | Reached skill level 3 in Conjurations
   767 | D:2      | Reached skill level 4 in Spellcasting
  1036 | D:2      | Reached XP level 4. HP: 24/24 MP: 10/12
  1265 | D:3      | Found a sparkling altar of Nemelex Xobeh.
  1332 | D:3      | Noticed Terence
  1349 | D:3      | Killed Terence
  1471 | D:3      | Reached skill level 4 in Fire Magic
  1472 | D:3      | HP: 6/24 [cloud of steam (18)]
  1497 | D:3      | Reached skill level 4 in Conjurations
  1497 | D:3      | Reached XP level 5. HP: 10/28 MP: 11/13
  1523 | D:3      | Found a glowing drain.
  1529 | Sewer    | Entered a sewer
  1534 | Sewer    | Learned a level 2 spell: Throw Flame
  1538 | Sewer    | Learned a level 3 spell: Conjure Flame
  2122 | Sewer    | HP: 8/28 [poisoned by an adder]
  2129 | Sewer    | HP: 6/28 [poisoned by an adder]
  2136 | Sewer    | HP: 4/28 [poisoned by an adder]
  2689 | D:3      | Noticed Sigmund
  2696 | D:3      | Killed Sigmund
  2696 | D:3      | Reached skill level 5 in Spellcasting
  2696 | D:3      | Reached skill level 5 in Conjurations
  2696 | D:3      | Reached skill level 5 in Fire Magic
  2696 | D:3      | Reached XP level 6. HP: 20/32 MP: 10/15
  2895 | D:4      | Learned a level 4 spell: Sticky Flame
  3163 | D:4      | Reached XP level 7. HP: 29/36 MP: 7/17
  3457 | D:4      | Found Cawuig's Armour Shop.
  3593 | D:4      | Noticed Grinder
  3601 | D:4      | Reached skill level 6 in Fire Magic
  3602 | D:4      | Paralysed by Grinder for 7 turns
  3617 | D:4      | Killed Grinder
  3617 | D:4      | Reached skill level 6 in Spellcasting
  3617 | D:4      | Reached skill level 6 in Conjurations
  3735 | D:4      | Found a staircase to the Ecumenical Temple.
  3744 | Temple   | Entered the Ecumenical Temple
  3860 | Temple   | Became a worshipper of Vehumet
  4020 | D:5      | Entered Level 5 of the Dungeon
  4056 | D:5      | Reached XP level 8. HP: 27/41 MP: 8/19
  4168 | D:5      | Found Heniaf's Armour Shoppe.
  4201 | D:5      | Reached skill level 7 in Fire Magic
  4281 | D:5      | Reached skill level 7 in Conjurations
  4353 | D:5      | HP: 2/41 [centaur/arrow (12)]
  5183 | D:5      | Reached skill level 7 in Spellcasting
  5552 | D:6      | Found a snail-covered altar of Cheibriados.
  5615 | D:6      | Reached * piety under Vehumet
  5615 | D:6      | Offered knowledge of Sting by Vehumet.
  5657 | D:6      | Reached skill level 8 in Fire Magic
  5665 | D:6      | Reached skill level 8 in Conjurations
  6223 | D:6      | Found a deep blue altar of Sif Muna.
  6273 | D:6      | Noticed Prince Ribbit
  6285 | D:6      | Killed Prince Ribbit
  6285 | D:6      | Reached XP level 9. HP: 35/45 MP: 12/22
  6403 | D:6      | Found a blossoming altar of Fedhas.
  6448 | D:6      | Found a sacrificial altar of Ru.
  6491 | D:6      | Reached ** piety under Vehumet
  6574 | D:6      | Reached skill level 8 in Spellcasting
  6716 | D:6      | Reached skill level 9 in Conjurations
  6716 | D:6      | Reached skill level 9 in Fire Magic
  6730 | D:6      | Offered knowledge of Magic Dart by Vehumet.
  7069 | D:7      | Noticed Pikel
  7082 | D:7      | Killed Pikel
  7082 | D:7      | Reached skill level 9 in Spellcasting
  7082 | D:7      | Reached skill level 10 in Conjurations
  7082 | D:7      | Reached skill level 10 in Fire Magic
  7089 | D:7      | Learned a level 5 spell: Fireball
  7905 | D:8      | Found an iron altar of Okawaru.
  7953 | D:8      | Noticed a two-headed ogre
  7963 | D:8      | Killed a two-headed ogre
  7963 | D:8      | Reached XP level 10. HP: 50/50 MP: 14/25
  8294 | D:9      | Found an opulent altar of Gozag.
  8325 | D:9      | Found a shimmering altar of Xom.
  8328 | D:9      | Found a staircase to the Orcish Mines.
  8336 | D:9      | Found a snail-covered altar of Cheibriados.
  8399 | D:9      | Upgraded the game from 0.22-a0-419-g492bfec to 0.22-a0-422-g9628fc8
  8484 | D:9      | Found an ancient bone altar of Kikubaaqudgha.
  8484 | D:9      | Found a hide-covered altar of Uskayaw.
  8487 | D:9      | Found a sacrificial altar of Ru.
  8488 | D:9      | Found a burning altar of Makhleb.
  8747 | D:9      | Found a shadowy altar of Dithmenos.
  8751 | D:9      | Noticed Erica
  8768 | D:9      | Killed Erica
  8768 | D:9      | Reached skill level 11 in Conjurations
  8768 | D:9      | Reached skill level 11 in Fire Magic
  9102 | D:10     | Entered Level 10 of the Dungeon
  9170 | D:10     | Noticed Urug
  9201 | D:9      | HP: 15/50 [poisoned by a killer bee]
  9206 | D:9      | HP: 13/50 [poisoned by a killer bee]
  9213 | D:9      | HP: 12/50 [poisoned by a killer bee]
  9221 | D:9      | HP: 11/50 [poisoned by a killer bee]
  9541 | D:10     | Killed Urug
  9541 | D:10     | Reached skill level 10 in Spellcasting
  9586 | D:10     | Noticed a gargoyle
  9650 | D:10     | Killed a gargoyle
  9913 | D:10     | Found a staircase to the Lair.
 10271 | D:10     | Noticed Josephine
 10308 | D:10     | Killed Josephine
 10308 | D:10     | Reached XP level 11. HP: 54/54 MP: 11/27
 10359 | D:10     | Noticed a red ugly thing
 10374 | D:10     | Killed a red ugly thing
 10374 | D:10     | Reached skill level 12 in Conjurations
 10374 | D:10     | Reached skill level 12 in Fire Magic
 10447 | Orc:1    | Entered Level 1 of the Orcish Mines
 10687 | Orc:1    | HP: 5/54 [cyclops/large rock (34)]
 10687 | Orc:1    | Slain by an orc warrior

Vault maps used:
D:1:      dpeg_arrival_arbitrary_c
D:3:      nemelex_xobeh_ov_fountains_minmay, gup_sewer_entry_bubbles,
          minmay_hedge_maze, uniq_terence, uniq_sigmund
D:4:      minmay_temple_entry_statues_pillars, serial_shops, shop, first_ration,
          uniq_grinder
D:5:      serial_shops, shop
D:6:      old_forge, kennysheep_mini_moat, kennysheep_mini,
          fedhas_altar_decomposition, hangedman_decor_opposing,
          nicolae_ru_awakened_eye, uniq_prince_ribbit1
D:7:      uniq_pikel
D:8:      old_standard_altar
D:9:      xom_butterflies, lemuel_round_altar, nicolae_dithmenos_shadow_blocks,
          minitemple, orc_0_dummy, basic_altar, uniq_erica
D:10:     lair_entry_dummy, uniq_josephine, uniq_urug
Temple:   jpeg_temple_alley_garden
Sewer:    sewer_co_scattered_pipes

Skill      XL: |  1  2  3  4  5  6  7  8  9 10 11 |
---------------+----------------------------------+-----
Conjurations   | 2 3 4 5 6 8 10 11 12 | 12.0
Spellcasting   | 4 5 6 7 9 10 | 10.6
Fire Magic     | 4 5 6 8 10 11 12 | 12.1
Dodging        | |  2.4
Stealth        | |  2.4

Action                   |  1- 3 |  4- 6 |  7- 9 | 10-12 || total
-------------------------+-------+-------+-------+-------++-------
Melee: Dagger            |     1 |   102 |   113 |    34 ||   250
       Scimitar          |       |       |       |     6 ||     6
 Cast: Flame Tongue      |    51 |   102 |   217 |   121 ||   491
       Throw Flame       |       |     7 |    21 |    21 ||    49
       Conjure Flame     |       |     2 |    25 |     9 ||    36
       Sticky Flame      |       |       |    10 |    10 ||    20
       Fireball          |       |       |       |     6 ||     6
Evoke: Wand              |       |       |     5 |     3 ||     8
  Use: Scroll            |     3 |     1 |     6 |     4 ||    14
       Potion            |       |       |     1 |       ||     1
 Stab: Sleeping          |       |     2 |       |       ||     2
       Paralysed         |       |       |     1 |     8 ||     9
  Eat: Chunk             |       |     7 |    16 |     6 ||    29
       Ration            |       |       |       |     1 ||     1
Armor: Robe              |     2 |    12 |     2 |       ||    16
       Ring mail         |       |       |    60 |    36 ||    96
Dodge: Dodged            |    14 |    39 |    66 |    43 ||   162

Table legend:
 A = Spawn XP
 B = Non-spawn XP
 C = Spawn XP percentage of total XP
 D = Spawn monster count
 E = Non-spawn monster count
 F = Spawn count percentage of total count
 G = Total turns spent on level
                    A         B        C        D         E        F      G
               +---------+---------+-------+---------+---------+-------+---------
         Total |       0 |   12857 |   0.0 |       0 |     246 |   0.0 | 10687
               +---------+---------+-------+---------+---------+-------+---------
           D:1 |       0 |      46 |   0.0 |       0 |      19 |   0.0 |   741
           D:2 |       0 |      83 |   0.0 |       0 |      23 |   0.0 |   484
           D:3 |       0 |     319 |   0.0 |       0 |      21 |   0.0 |   751
           D:4 |       0 |     696 |   0.0 |       0 |      28 |   0.0 |   812
           D:5 |       0 |     923 |   0.0 |       0 |      21 |   0.0 |  1416
           D:6 |       0 |    1905 |   0.0 |       0 |      50 |   0.0 |  1472
           D:7 |       0 |    1202 |   0.0 |       0 |      11 |   0.0 |   731
           D:8 |       0 |    1256 |   0.0 |       0 |      10 |   0.0 |   629
           D:9 |       0 |    1862 |   0.0 |       0 |      19 |   0.0 |  1434
          D:10 |       0 |    4348 |   0.0 |       0 |      22 |   0.0 |   973
         Orc:1 |       0 |     129 |   0.0 |       0 |       4 |   0.0 |    12
         Sewer |       0 |      88 |   0.0 |       0 |      18 |   0.0 |  1082
               +---------+---------+-------+---------+---------+-------+---------

Table legend:
 A = Turns spent in this place as a percentage of turns spent in the entire game.
 B = Non-inter-level travel turns spent in this place as a percentage of non-inter-level travel turns spent in the entire game.
 C = Inter-level travel turns spent in this place as a percentage of turns spent in this place.
 D = Turns resting spent in this place as a percentage of non-inter-level travel turns spent in this place.
 E = Turns spent auto-exploring this place as a percentage of non-inter-level travel turns spent in this place.
 F = Non-inter-level travel turns spent in this place divided by the number of levels of this place that you've seen.
                   A       B       C       D       E      F
               +-------+-------+-------+-------+-------+----------------------
         Total | 100.0 | 100.0 |   2.7 |  26.1 |  40.8 | 799.9
       Dungeon |  88.4 |  88.3 |   2.7 |  25.1 |  41.9 | 918.7
        Temple |   1.4 |   1.1 |  21.3 |   0.0 |  83.1 | 118.0
  Orcish Mines |   0.1 |   0.1 |   0.0 |   0.0 |   0.0 |  12.0
         Sewer |  10.1 |  10.4 |   0.0 |  38.0 |  26.9 | 1082.0
               +-------+-------+-------+-------+-------+----------------------

Vault maps used:
D:1:      dpeg_arrival_arbitrary_c
D:3:      nemelex_xobeh_ov_fountains_minmay, gup_sewer_entry_bubbles,
          minmay_hedge_maze, uniq_terence, uniq_sigmund
D:4:      minmay_temple_entry_statues_pillars, serial_shops, shop, first_ration,
          uniq_grinder
D:5:      serial_shops, shop
D:6:      old_forge, kennysheep_mini_moat, kennysheep_mini,
          fedhas_altar_decomposition, hangedman_decor_opposing,
          nicolae_ru_awakened_eye, uniq_prince_ribbit1
D:7:      uniq_pikel
D:8:      old_standard_altar
D:9:      xom_butterflies, lemuel_round_altar, nicolae_dithmenos_shadow_blocks,
          minitemple, orc_0_dummy, basic_altar, uniq_erica
D:10:     lair_entry_dummy, uniq_josephine, uniq_urug
Temple:   jpeg_temple_alley_garden
Sewer:    sewer_co_scattered_pipes
